 Dungeon Crawl Stone Soup version bcrawl-1.36 (webtiles) character file.

Game seed: 4134183877056812878

100612 Mrkan the Sneak (level 3, 0/28 HPs)
             Began as a Gnoll Archaeologist on Apr 17, 2022.
             Succumbed to an adder's poison
             ... on level 2 of the Dungeon.
             The game lasted 00:01:32 (1647 turns).

Mrkan the Sneak (Gnoll Archaeologist)               Turns: 1647, Time: 00:01:32

Health: 0/28       AC:  6    Str: 14    XL:     3   Next: 60%
Magic:  4/4        EV: 15    Int: 16    God:
Gold:   122        SH:  0    Dex: 13    Spells: 3/3 levels left

rFire    . . .     SeeInvis .   a - +0 whip
rCold    . . .     Gourm    .   (no shield)
rNeg     . . .     Faith    .   c - +1 robe
rPois    .         Spirit   .   d - +1 hat
rElec    .         Reflect  .   (no cloak)
rCorr    .                      (no gloves)
MR       .....                  m - +1 pair of boots
Stlth    +++.......             (no amulet)
HPRegen  0.09/turn              (no ring)
MPRegen  0.09/turn              (no ring)

@: lethally poisoned (0 -> -7)
A: distributed training, fangs 1, strong nose
a: no special abilities


You were on level 2 of the Dungeon.
You were near starving.

You visited 1 branch of the dungeon, and saw 2 of its levels.

You collected 122 gold pieces.

Inventory:

Hand Weapons
 a - a +0 whip (weapon)
 b - a +0 blowgun
Missiles
 f - 6 curare-tipped needles
 q - 187 poisoned needles
Armour
 c - a +1 robe (worn)
 d - a +1 hat (worn)
 k - a +1 pair of gloves
 m - a +1 pair of boots (worn)
 o - a +1 cloak
Scrolls
 g - a scroll of magic mapping
 i - a scroll of identify
 l - a scroll of remove curse {unknown}
 n - 2 scrolls of enchant weapon {unknown}
Potions
 j - a potion of berserk rage {unknown}
 p - 3 potions of curing {unknown}
Miscellaneous
 h - a dusty tome
Comestibles
 e - 2 rations {!d}


   Skills:
 + Level 2.6 Fighting
 + Level 0.8 Short Blades
 + Level 0.8 Long Blades
 + Level 0.8 Axes
 + Level 2.6 Maces & Flails
 + Level 0.8 Polearms
 + Level 0.8 Staves
 + Level 0.8 Slings
 + Level 0.8 Bows
 + Level 0.8 Crossbows
 + Level 0.8 Throwing
 + Level 0.8 Armour
 + Level 6.5 Dodging
 + Level 6.5 Stealth
 + Level 0.8 Shields
 + Level 0.8 Unarmed Combat
 + Level 0.8 Spellcasting
 + Level 0.5 Conjurations
 + Level 0.5 Hexes
 + Level 0.5 Charms
 + Level 0.5 Summonings
 + Level 0.5 Necromancy
 + Level 0.5 Translocations
 + Level 0.5 Transmutations
 + Level 0.5 Fire Magic
 + Level 0.5 Ice Magic
 + Level 0.5 Air Magic
 + Level 0.5 Earth Magic
 + Level 0.5 Poison Magic
 + Level 1.0 Invocations
 + Level 0.8 Evocations


You had 3 spell levels left.
You didn't know any spells.
Your spell library was empty.

Dungeon Overview and Level Annotations

Branches:
Dungeon (2/12)

Altars:


Innate Abilities, Weirdness & Mutations

Your experience applies equally to all skills.
You have very sharp teeth.
Your uncanny sense of smell can sniff out nearby items.


Message History

You feel sick. The adder misses you. The hobgoblin barely misses you.
You hit the hobgoblin but do no damage.
You bite the hobgoblin, but do no damage.
The hobgoblin is severely wounded.
The adder misses you. The hobgoblin barely misses you. The adder misses you.
You hit the hobgoblin.
You kill the hobgoblin!
You feel sick. The adder barely misses you.
You closely miss the adder. The adder barely misses you. The adder misses you.
You closely miss the adder. Your bite misses the adder.
The adder barely misses you.
You miss the adder.
You feel sick. The adder bites you.
* * * LOW HITPOINT WARNING * * *
You miss the adder. Your punch misses the adder. The adder closely misses you.
The adder bites you.
* * * LOW HITPOINT WARNING * * *
You are more poisoned.
The adder poisons you!
You closely miss the adder.
You die...

.........'.........#
#..##.##.
....######........##
#.#.###.# ....#
#........# #.##...##
....# #........#
#..#[..#. ....#
########## #.##...##
....# ##############
#.#.###.# ....#
#............# #..##.##.
#####
#......).....####.......
+......@..........#...##
#.......S............##
+........(...#########
#............#
...................
###########.####### ....
#.#### ..


You could see an adder.

Vanquished Creatures
  A worm (D:2)
  2 dart slugs
  A leopard gecko (D:2)
  2 orcs (D:2)
  2 goblins (D:2)
  4 hobgoblins
  6 jackals
  4 bats
  A frilled lizard (D:2)
  6 kobolds
  3 rats
32 creatures vanquished.

Notes
Turn   | Place    | Note
-------+----------+-------------------------------------------
     0 | D:1      | Mrkan the Gnoll Archaeologist began the quest for the Orb.
     0 | D:1      | Reached XP level 1. HP: 17/17 MP: 1/1
   430 | D:1      | Reached XP level 2. HP: 22/23 MP: 2/2
  1078 | D:2      | Reached XP level 3. HP: 18/28 MP: 3/3
  1409 | D:2      | Reached skill level 1 in Invocations
  1415 | D:2      | HP: 1/28 [kobold/+0 falchion (1)]
  1646 | D:2      | HP: 1/28 [adder (4)]
  1647 | D:2      | Succumbed to an adder's poison

Skill      XL: |  1  2  3 |
---------------+----------+-----
Invocations    | 1 |  1.0
Fighting       | |  2.6
Short Blades   | |  0.8
Long Blades    | |  0.8
Axes           | |  0.8
Maces & Flails | |  2.6
Polearms       | |  0.8
Staves         | |  0.8
Slings         | |  0.8
Bows           | |  0.8
Crossbows      | |  0.8
Throwing       | |  0.8
Armour         | |  0.8
Dodging        | |  6.5
Stealth        | |  6.5
Shields        | |  0.8
Unarmed Combat | |  0.8
Spellcasting   | |  0.8
Conjurations   | |  0.5
Hexes          | |  0.5
Charms         | |  0.5
Summonings     | |  0.5
Necromancy     | |  0.5
Translocations | |  0.5
Transmutations | |  0.5
Fire Magic     | |  0.5
Ice Magic      | |  0.5
Air Magic      | |  0.5
Earth Magic    | |  0.5
Poison Magic   | |  0.5
Evocations     | |  0.8

Action                   || total
-------------------------++-------
Melee: Whip              ||   179
       Bite              ||    16
       Punch             ||     1
 Stab: Sleeping          ||     3
  Eat: Chunk             ||     1
       Ration            ||     1
Armor: Robe              ||    48
Dodge: Dodged            ||   185
